 Dungeon Crawl Stone Soup version 0.23.1-37-gaa34b87 (webtiles) character file.

Game seed: 3148972371608884264

478 kae the Poker (level 7, -3/54 HPs)
             Began as a Merfolk Skald on Mar 21, 2019.
             Was a Follower of Makhleb.
             Killed from afar by an orc wizard (14 damage)
             ... with a wand of acid (6)
             ... on level 4 of the Dungeon.
             The game lasted 00:03:24 (3521 turns).

kae the Poker (Merfolk Skald)                       Turns: 3521, Time: 00:03:24

Health: -3/54      AC:  8    Str: 13    XL:     7   Next: 11%
Magic:  0/10       EV: 12    Int: 13    God:    Makhleb [*.....]
Gold:   219        SH:  0    Dex: 13    Spells: 2/10 levels left

rFire    . . .     SeeInvis .   a - +0 spear
rCold    . . .     Gourm    .   (no shield)
rNeg     . . .     Faith    .   b - +0 leather armour
rPois    .         Spirit   .   (no helmet)
rElec    .         Reflect  .   t - +2 cloak
rCorr    .         Harm     .   q - +1 pair of gloves
MR       .....                  (no boots)
Stlth    +.........             (no amulet)
HPRegen  0.18/turn              (no ring)
MPRegen  0.12/turn              (no ring)

@: infused (expiring)
A: change form in water, swift swim, stealthy swim
a: Renounce Religion


You were on level 4 of the Dungeon.
You worshipped Makhleb.
Makhleb was aware of your devotion.
You were not hungry.

You visited 1 branch of the dungeon, and saw 4 of its levels.

You collected 219 gold pieces.

Inventory:

Hand Weapons
 a - a +0 spear (weapon)
Armour
 b - a +0 leather armour (worn)
 q - a +1 pair of gloves (worn)
 t - a +2 cloak (worn)
Jewellery
 i - a +4 ring of protection {unknown}
 m - an uncursed amulet of the acrobat {unknown}
Scrolls
 f - 3 scrolls of teleportation
 j - a scroll of fear {unknown}
 l - a scroll of remove curse
 o - 2 scrolls of identify
 r - a scroll of magic mapping
Potions
 c - a potion of invisibility
 g - 3 potions of might {unknown}
 h - a potion of flight {unknown}
 k - a potion of magic {unknown}
 n - a potion of resistance {unknown}
 s - a potion of brilliance {unknown}
 u - a potion of cancellation {unknown}
 v - a potion of curing {unknown}
Comestibles
 d - 11 rations
 w - 4 chunks of flesh


   Skills:
 + Level 4.1 Fighting
 * Level 7.3 Polearms
 - Level 0.6 Armour
 - Level 2.7 Dodging
 - Level 2.0 Spellcasting
 + Level 4.9 Charms
 + Level 2.6 Invocations


You had 2 spell levels left.
You knew the following spells:

 Your Spells              Type           Power        Failure   Level  Hunger
a - Infusion              Chrm           ##..         4%          1    ##.....
b - Song of Slaying       Chrm           ##......     6%          2    ###....
c - Shroud of Golubria    Chrm/Tloc      #.........   19%         2    ###....
d - Regeneration          Chrm/Necr      #.........   34%         3    ####...

Your spell library contained the following spells:

 Spells                   Type           Power        Failure   Level  Hunger
 Spectral Weapon          Hex/Chrm       #.......     34%         3    ####...


Dungeon Overview and Level Annotations

Branches:
Dungeon (4/15)             Temple (0/1) D:4

Altars:
Dithmenos
Fedhas
Makhleb
Nemelex Xobeh
Uskayaw


Message History

You completely miss the orc wizard.
The orc wizard is almost dead.
The orc barely misses you.
The orc wizard hits you but does no damage.
The orc hits you but does no damage.
The orc hits you from afar with a +0 trident.
* * * LOW HITPOINT WARNING * * *
You hit the orc wizard but do no damage.
The orc wizard is almost dead.
The orc wizard hits you but does no damage.
The orc hits you but does no damage. x2
You hit the orc wizard.
The orc wizard is almost dead.
You feel less wooden.
Your +2 cloak unmelds from your body.
Your +1 pair of gloves unmelds from your body.
Your +0 leather armour unmelds from your body.
A hound comes into view.
The orc wizard zaps a wand.
The bolt of acid hits you!
You die...

*,,,,,**,,,,,,,,,,,******
*,,,,,*#.......#*#.,,,,,*
*,,,,,,#.......##.***,,,*****
*,,,,,,#.........*##**,,,,**,
*,,,,,,#......#.##.#*,,,,,,,,
*,,>,,*#........#...,,,,,,,,,
*,,,,,*#...!...#...>,,*,,,,<,
*,,,,,*#...)))......,***,,**,
*,,,,,##...o@o.#***,,***,,**,
*,,,,,#....ooo##**##,,**,,,,,
#.....#....o)..##...*,,**,,,,
#....>+.............,,,,,*,,,
#.....#.............,,,,,,,,,
#.....#.......##....,**,,,,,,
#.....##......####'#*********
#.....##...........h,**,,,***
#..................,,,,,,,,,,


You could see a hound (wandering), 2 orc wizards and 4 orcs.

Vanquished Creatures
  Grinder (D:3)
  A hound (D:2)
  An orc priest (D:4)
  2 orc wizards (D:4)
  A worker ant (D:4)
  7 adders
  5 worms
  A dart slug (D:3)
  3 leopard geckos
  3 orcs
  3 giant cockroaches
  3 goblins
  6 hobgoblins
  9 jackals
  3 ball pythons
  4 bats
  2 frilled lizards
  7 kobolds
  10 rats
72 creatures vanquished.

Vanquished Creatures (others)
  An orc wizard (D:4)
  An orc (D:4)
2 creatures vanquished.

Grand Total: 74 creatures vanquished

Notes
Turn   | Place    | Note
-------+----------+-------------------------------------------
     0 | D:1      | kae the Merfolk Skald began the quest for the Orb.
     0 | D:1      | Reached XP level 1. HP: 16/16 MP: 3/3
   387 | D:1      | Reached XP level 2. HP: 22/23 MP: 0/5
  1115 | D:2      | Reached skill level 4 in Polearms
  1130 | D:2      | Reached XP level 3. HP: 28/28 MP: 3/6
  1173 | D:2      | Found a burning altar of Makhleb.
  1300 | D:2      | Became a worshipper of Makhleb the Destroyer
  1340 | D:2      | Reached XP level 4. HP: 34/34 MP: 2/7
  1620 | D:2      | Reached skill level 5 in Polearms
  1800 | D:2      | Reached XP level 5. HP: 39/41 MP: 3/8
  2097 | D:2      | Found a sparkling altar of Nemelex Xobeh.
  2191 | D:3      | Found a blossoming altar of Fedhas.
  2265 | D:3      | Found a shadowy altar of Dithmenos.
  2287 | D:3      | Reached skill level 1 in Invocations
  2390 | D:3      | Reached * piety under Makhleb
  2637 | D:3      | Found a hide-covered altar of Uskayaw.
  2693 | D:3      | Noticed Grinder
  2727 | D:3      | Killed Grinder
  2727 | D:3      | Reached skill level 6 in Polearms
  2727 | D:3      | Reached XP level 6. HP: 9/48 MP: 5/9
  3413 | D:4      | Learned a level 2 spell: Song of Slaying
  3416 | D:4      | Learned a level 2 spell: Shroud of Golubria
  3420 | D:4      | Learned a level 3 spell: Regeneration
  3468 | D:4      | Reached skill level 7 in Polearms
  3470 | D:4      | Found a staircase to the Ecumenical Temple.
  3504 | D:4      | Reached XP level 7. HP: 46/54 MP: 3/10
  3521 | D:4      | Killed from afar by an orc wizard

Skill      XL: |  1  2  3  4  5  6 |
---------------+-------------------+-----
Polearms       | 4 5 6 7 |  7.3
Fighting       | 3 4 |  4.1
Charms         | 4 |  4.9
Invocations    | 2 |  2.6
Armour         | |  0.6
Dodging        | |  2.7
Spellcasting   | |  2.0

Action                   |  1- 3 |  4- 6 |  7- 9 || total
-------------------------+-------+-------+-------++-------
Melee: Spear             |    78 |   236 |    17 ||   331
 Cast: Infusion          |    10 |    16 |       ||    26
  Use: Scroll            |       |    12 |       ||    12
       Potion            |       |     2 |       ||     2
  Eat: Chunk             |     2 |     4 |       ||     6
       Ration            |       |     1 |       ||     1
Armor: Leather armour    |     7 |    33 |       ||    40
       Skin              |       |    48 |    37 ||    85
Dodge: Dodged            |    45 |    92 |     3 ||   140
